 Dungeon Crawl Stone Soup version 0.24-a0-335-g06ca16a (webtiles) character file.

Game seed: 8215796242502707696

80 mhoghedin the Grave Robber (level 4, -1/30 HPs)
             Began as a Mummy Necromancer on May 19, 2019.
             Slain by a worker ant (4 damage)
             ... on level 4 of the Dungeon.
             The game lasted 00:03:40 (2670 turns).

mhoghedin the Grave Robber (Mummy Necromancer)      Turns: 2670, Time: 00:03:41

Health: -1/30      AC:  2    Str: 11    XL:     4   Next: 18%
Magic:  1/10       EV: 12    Int: 15    God:
Gold:   136        SH:  0    Dex: 12    Spells: 10/11 levels left

rFire    x . .     SeeInvis .   b - +0 club
rCold    + . .     Gourm    .   (no shield)
rNeg     + + +     Faith    .   a - +0 robe
rPois    ∞         Spirit   .   (no helmet)
rElec    .         Reflect  .   (no cloak)
rCorr    .         Harm     .   (no gloves)
MR       .....                  (no boots)
Stlth    ++........             (no amulet)
HPRegen  0.10/turn              d - ring of flight {+Fly, !d}
MPRegen  0.12/turn              (no ring)

@: no status effects
A: no food or potions, fire vulnerability, cold resistance 1, negative energy
resistance 3, torment resistance, unbreathing
a: Evoke Flight


You were on level 4 of the Dungeon.
You were not hungry.

You visited 1 branch of the dungeon, and saw 6 of its levels.

You collected 136 gold pieces.

Inventory:

Hand Weapons
 b - a +0 club (weapon)
   (You took it off a goblin on level 1 of the Dungeon)
Armour
 a - a +0 robe (worn)
Jewellery
 d - a ring of flight (left hand) {+Fly, !d}
   (You found it on level 1 of the Dungeon)
Scrolls
 c - 2 scrolls of teleportation {unknown}
 e - a scroll of enchant weapon {unknown}
 f - 4 scrolls of noise {unknown}
 g - 2 scrolls of remove curse {unknown}
 h - a scroll of identify {unknown}


   Skills:
 - Level 1.5 Dodging
 - Level 1.5 Stealth
 + Level 4.3 Spellcasting
 + Level 4.9 Necromancy


You had 10 spell levels left.
You knew the following spells:

 Your Spells              Type           Power        Failure   Level  Hunger
a - Pain                  Necr           ###.         2%          1    N/A

Your spell library contained the following spells:

 Spells                   Type           Power        Failure   Level  Hunger
 Animate Skeleton         Necr           N/A          2%          1    N/A
 Vampiric Draining        Necr           ###.......   7%          3    N/A
 Animate Dead             Necr           N/A          22%         4    N/A
 Regeneration             Chrm/Necr      Unusable     N/A         3    N/A

Dungeon Overview and Level Annotations

Branches:
Dungeon (6/15)
 Temple: D:4-7

Altars:
Gozag
Uskayaw

Annotations:
D:4 exclusion: Ijyb, Ijyb


Innate Abilities, Weirdness & Mutations

You do not eat or drink.
Your flesh is vulnerable to fire.
You are immune to poison.
Your flesh is cold resistant. (rC+)
You are immune to negative energy. (rN+++)
You are immune to unholy pain and torment.
You can survive without breathing.


Message History

The ogre barely resists.
You now have 5/8 mp.
The ogre closely misses you.
You aren't carrying any items that you can evoke.
Found a scroll labeled KUCAPRUUCI.
Found a stone staircase leading up.
You see here a war axe.
The ogre hits you with a +0 giant spiked club!
Ouch! That really hurt!
You see here a war axe.
You take 12 damage, and have 12/24 hp.
MASSIVE DAMAGE!!
Found an escape hatch in the floor.
There is a stone staircase leading up here.
MP restored: 8
There is a stone staircase leading up here.
There is a stone staircase leading up here.
You see here a war axe.
You see here a war axe.
You closely miss the ogre. The ogre closely misses you.
What are your orders? t - Shout!
Orders for allies: a - Attack new target. p - Attack previous target. r - Retreat! s - Stop attacking. g - Guard the area. f - Follow me.
Anything else - Cancel.
Okay, then.
Unknown command.
You see here a war axe.
The ogre misses you.
There is a stone staircase leading up here.
You climb upwards.
Found a stone staircase leading down.
There is a stone staircase leading down here.
You start resting.
A worm comes into view.
You regained 4 hp, and now have 19/24 hp.
A hound comes into view.
The hound barks!
The hound stops to sniff the ground.
The hound closely misses you.
Aim: a hound (chance to defeat MR: 82%)
The hound writhes in agony.
The hound closely misses you.
You now have 7/8 mp.
Aim: a hound (moderately wounded, chance to defeat MR: 82%)
The hound barely resists.
The hound misses you. The hound bites you.
You take 2 damage, and have 17/24 hp.
You now have 6/8 mp.
Aim: a hound (moderately wounded, chance to defeat MR: 82%)
The hound writhes in agony.
The hound bites you.
You take 4 damage, and have 13/24 hp.
You now have 5/8 mp.
Aim: a hound (heavily wounded, chance to defeat MR: 82%)
The hound writhes in agony.
The hound barely misses you. x2
You now have 4/8 mp.
Aim: a hound (heavily wounded, chance to defeat MR: 82%)
You miscast Pain.
You are very lightly contaminated with residual magic.
You shiver with cold.
The hound bites you.
You take 2 damage, and have 11/24 hp.
You now have 3/8 mp.
Aim: a hound (heavily wounded, chance to defeat MR: 82%)
The hound barely resists.
The hound bites you.
* * * LOW HITPOINT WARNING * * *
The hound closely misses you.
You take 6 damage, and have 5/24 hp.
MASSIVE DAMAGE!!
You now have 2/8 mp.
Aim: a hound (heavily wounded, chance to defeat MR: 82%)
The hound writhes in agony.
The hound barely misses you.
You now have 1/8 mp.
Aim: a hound (severely wounded, chance to defeat MR: 82%)
The hound barely resists.
The hound closely misses you. The hound barely misses you.
You now have 0/8 mp.
The hound closely misses you.
There is a stone staircase leading down here.
The hound barely misses you.
Aim: a hound (severely wounded, chance to defeat MR: 82%)
The hound writhes in agony.
The hound bites you.
* * * LOW HITPOINT WARNING * * *
You take 1 damage, and have 5/24 hp.
You now have 0/8 mp.
The hound closely misses you. The hound bites you.
* * * LOW HITPOINT WARNING * * *
You take 1 damage, and have 4/24 hp.
You see here a scroll labeled VUF ENYSORGHAPS.
The hound bites you.
* * * LOW HITPOINT WARNING * * *
You take 3 damage, and have 1/24 hp.
Aim: a hound (almost dead, chance to defeat MR: 82%)
The hound writhes in agony.
You kill the hound!
You have reached level 4!
You now have 0/10 mp.
Ijyb the Twisted Goblin comes into view.
She is wearing a +1 ring mail of fire resistance and carrying a wand of scattershot (6).
Found a stone staircase leading down.
Your magical contamination has completely faded away.
Really walk into a travel-excluded area?
A worker ant comes into view.
You barely miss the worker ant.
The worker ant twitches its antennae in your direction.
The worker ant bites you.
You die...

#....# ####...# .g.##..
##....###≈≈≈≈≈≈# .......
#>..>...####...###.......
#..........?.........#
#............+.......#
#...........##w.##...#
#.....########..# ...#
##....##....##..##...#
#....##.[....@..#>..#
.....#.....##a.##.... ...
.... #..# ...## #.. #..#
#. #... # ..... .....
......


You could see a worm and a worker ant.

Vanquished Creatures
  A hound (D:4)
  An adder (D:2)
  3 worms
  A dart slug (D:3)
  A leopard gecko (D:1)
  2 ball pythons (D:1)
  A giant cockroach (D:1)
  5 goblins
  4 hobgoblins
  2 jackals (D:1)
  5 frilled lizards
  3 kobolds
  4 rats
33 creatures vanquished.

Notes
Turn   | Place    | Note
-------+----------+-------------------------------------------
     0 | D:1      | mhoghedin the Mummy Necromancer began the quest for the
                  | Orb.
     0 | D:1      | Reached XP level 1. HP: 13/13 MP: 4/4
   103 | D:1      | Reached skill level 3 in Spellcasting
   205 | D:1      | HP: 3/13 [jackal (3)]
   207 | D:1      | Reached XP level 2. HP: 4/19 MP: 0/6
  1433 | D:2      | Found a hide-covered altar of Uskayaw.
  1473 | D:2      | Reached XP level 3. HP: 24/24 MP: 1/8
  1956 | D:2      | Found an opulent altar of Gozag.
  2310 | D:3      | Reached skill level 4 in Spellcasting
  2497 | D:3      | You fall through a shaft for 3 floors!
  2498 | D:6      | Noticed a sky beast
  2505 | D:5      | Entered Level 5 of the Dungeon
  2534 | D:5      | Noticed an ogre
  2645 | D:4      | HP: 5/24 [hound (6)]
  2652 | D:4      | HP: 5/24 [hound (1)]
  2657 | D:4      | HP: 1/24 [hound (3)]
  2659 | D:4      | Reached XP level 4. HP: 2/30 MP: 0/10
  2663 | D:4      | Noticed Ijyb
  2670 | D:4      | Slain by a worker ant

Levels and vault maps discovered:
D:1:      dpeg_arrival_simpleton_a, layout_basic, minivault_26,
          minmay_hedge_maze, minivault_24, solitary_fountain
D:2:      layout_loops_ring, eat_drink_and_be_merry_uskayaw,
          nicolae_gozag_cash_rules_everything_around_me, st_stairs_12
D:3:      layout_basic, old_standard_altar, minmay_distorted
D:4:      layout_gridville, serial_shops, shop, hangedman_decor_riveting,
          chequers_serial_rivers_micro_b, uniq_ijyb
D:5:      layout_basic, first_ration
D:6:      minmay_general_purpose_star, layout_basic,
          grunt_temple_overflow_diamond, trog_three_pillars_becter

Skill      XL: |  1  2  3 |
---------------+----------+-----
Spellcasting   | 3 4 |  4.3
Dodging        | |  1.5
Stealth        | |  1.5
Necromancy     | |  4.9

Action                   |  1- 3 |  4- 6 || total
-------------------------+-------+-------++-------
Melee: Club              |     7 |     1 ||     8
 Cast: Pain              |    91 |     1 ||    92
Armor: Robe              |     4 |       ||     4
Dodge: Dodged            |    32 |       ||    32

Table legend:
 A = Non-vault XP
 B = Vault XP
 C = Vault XP percentage of total XP
 D = Non-vault monster count
 E = Vault monster count
 F = Vault count percentage of total count
                 A         B        C        D         E       F
            +---------+---------+-------+---------+---------+-------
      Total |     109 |       6 |   5.2 |      31 |       2 |   6.1
            +---------+---------+-------+---------+---------+-------
        D:1 |      25 |       0 |   0.0 |      15 |       0 |   0.0
        D:2 |      36 |       1 |   2.7 |      12 |       1 |   7.7
        D:3 |       8 |       5 |  38.5 |       3 |       1 |  25.0
        D:4 |      40 |       0 |   0.0 |       1 |       0 |   0.0
            +---------+---------+-------+---------+---------+-------

Levels and vault maps discovered:
D:1:      dpeg_arrival_simpleton_a, layout_basic, minivault_26,
          minmay_hedge_maze, minivault_24, solitary_fountain
D:2:      layout_loops_ring, eat_drink_and_be_merry_uskayaw,
          nicolae_gozag_cash_rules_everything_around_me, st_stairs_12
D:3:      layout_basic, old_standard_altar, minmay_distorted
D:4:      layout_gridville, serial_shops, shop, hangedman_decor_riveting,
          chequers_serial_rivers_micro_b, uniq_ijyb
D:5:      layout_basic, first_ration
D:6:      minmay_general_purpose_star, layout_basic,
          grunt_temple_overflow_diamond, trog_three_pillars_becter

Table legend:
 A = Turns spent in this place as a percentage of turns spent in the entire game.
 B = Non-inter-level travel turns spent in this place as a percentage of non-inter-level travel turns spent in the entire game.
 C = Inter-level travel turns spent in this place as a percentage of turns spent in this place.
 D = Turns resting spent in this place as a percentage of non-inter-level travel turns spent in this place.
 E = Turns spent auto-exploring this place as a percentage of non-inter-level travel turns spent in this place.
 F = Non-inter-level travel turns spent in this place divided by the number of levels of this place that you've seen.
                   A       B       C       D       E      F
               +-------+-------+-------+-------+-------+----------------------
         Total | 100.0 | 100.0 |   2.4 |  29.9 |  56.1 | 434.3
       Dungeon | 100.0 | 100.0 |   2.4 |  29.9 |  56.1 | 434.3
               +-------+-------+-------+-------+-------+----------------------

Table legend:
 A = Kills in this place as a percentage of kills in entire the game.
 B = Kills by you in this place as a percentage of kills by you in the entire game.
 C = Kills by friends in this place as a percentage of kills by friends in the entire game.
 D = Other kills in this place as a percentage of other kills in the entire game.
 E = Experience gained in this place as a percentage of experience gained in the entire game.
 F = Experience gained in this place divided by the number of levels of this place that you have seen.
                   A       B       C       D       E      F
               +-------+-------+-------+-------+-------+----------------------
         Total | 100.0 | 100.0 |   N/A |   N/A | 100.0 |  19.2
       Dungeon | 100.0 | 100.0 |   N/A |   N/A | 100.0 |  19.2
               +-------+-------+-------+-------+-------+----------------------
